 Dungeon Crawl Stone Soup version 0.29-a0-723-gce39da1c22 (webtiles) character file.

Game seed: 4189100530396493797

185 kae the Chopper (level 5, -2/45 HPs)
             Began as a Hill Orc Fighter on June 28, 2022.
             Slain by a white imp (3 damage)
             ... summoned by Eustachio
             ... on level 4 of the Dungeon.
             The game lasted 00:01:21 (2449 turns).

kae the Chopper (Hill Orc Fighter)                  Turns: 2449, Time: 00:01:21

Health: -2/45      AC:  6    Str: 21    XL:     5   Next: 64%
Magic:  5/5        EV:  9    Int:  8    God:
Gold:   169        SH:  4    Dex: 10    Spells: 4/4 levels left

rFire   . . .      SeeInvis .   a - +0 war axe
rCold   . . .      Faith    .   c - +0 buckler
rNeg    . . .      Spirit   .   b - +0 scale mail
rPois   .          Reflect  .   (no helmet)
rElec   .          Harm     .   (no cloak)
rCorr   .          Rampage  .   (no gloves)
Will    .....                   (no boots)
Stlth   ..........              g - amulet of regeneration
HPRegen 0.95/turn               (no ring)
MPRegen 0.09/turn               (no ring)

@: no status effects
A: no striking features
a: no special abilities


You were on level 4 of the Dungeon.
You visited 1 branch of the dungeon, and saw 4 of its levels.

You collected 169 gold pieces.


   Skills:
 - Level 3.6 Fighting
 + Level 7.5 Axes
 - Level 3.2 Armour
 - Level 3.2 Shields


You had 4 spell levels left.
You didn't know any spells.
Your spell library contained the following spells:

 Spells                   Type           Power      Damage    Failure   Level
 Sandblast                Erth           0%         2d4       83%         1
 Passwall                 Tmut/Erth      0%         N/A       93%         2
 Stone Arrow              Conj/Erth      0%         3d7       99%         3

Inventory:

Hand Weapons
 a - a +0 war axe (weapon)
Missiles
 e - 3 poisoned darts (quivered)
 h - 22 stones
 s - 4 atropa-tipped darts
Armour
 b - a +0 scale mail (worn)
 c - a +0 buckler (worn)
 l - a +0 chain mail
   (You found it on level 2 of the Dungeon)
 p - a +0 robe
   (You found it on level 2 of the Dungeon)
Jewellery
 g - an amulet of regeneration (around neck)
   (You found it on level 1 of the Dungeon)
Wands
 t - a wand of polymorph (10)
   (You found it on level 4 of the Dungeon)
Scrolls
 k - a scroll of blinking {!r}
 o - a scroll of noise {unknown}
Potions
 d - 2 potions of might
 f - 4 potions of curing {@q1}
 i - a potion of attraction {!q}
 j - a potion of haste {unknown}
 m - a potion of magic {unknown}
 n - a potion of lignification {!q}
 q - 4 potions of heal wounds {unknown}
 r - 3 potions of brilliance

Dungeon Overview and Level Annotations

Branches:
Dungeon (4/15) Zot: 21504
 Temple: D:4-7

Altars:

Annotations:
D:4 Eustachio

,,*,,,,* ##....# #.##
,,***,,****###.....# #.# ,**
**,,,,,........## #.# ,*
**,,,,,,,*#.....# #.#
,****,,,,,,,,*#.....## ##.##
,**,,,,,,,,,,*##5....# #....
,,,,,,,,,,,,,*##.....### ##....
,,,*,,,,,,,,**#55@.5...#####....#
,,***,,,,,,,* #.@###...<.......##
,,* **,,,,,,* #..# ####.......##
,,* **,,,,,*##..# ##......# ,,*
*,,,,,*#..## ##.....# ,,**
*,,,,,,#โ€ .#*** #.....# # ,,,**
**,,,,.....,.######.รท...###
*,,.###.......................##.
**,..............................
**#.............................


You could see Eustachio, a crimson imp (summoned), 2 white imps and a shadow imp
(summoned).


Message History

t - a wand of polymorph (10) No target in view!
No target in view!
Eustachio is nearby!
Eustachio shouts!
Eustachio is nearby!
You completely miss Eustachio.
A hobgoblin comes into view.
You block Eustachio's attack.
There are monsters nearby!
You hit Eustachio but do no damage.
Eustachio casts a spell.
Eustachio mumbles some strange words.
Eustachio blinks!
The hobgoblin barely misses you.
You closely miss the ufetubus. You slash the hobgoblin!
You kill the hobgoblin!
The ufetubus hits you but does no damage. x2
The white imp gestures at you.
The puff of frost hits you! ๐Ÿ˜ฎ HP[-12]
You take 12 damage, and now have 33/45 hp.
MASSIVE DAMAGE!! (PAUSE)
The ufetubus hits you but does no damage.
The ufetubus hits you.
The ufetubus hits you but does no damage.
The ufetubus closely misses you.
Eustachio barely misses you. ๐Ÿ˜ฎ HP[-1]
You take 1 damage, and now have 32/45 hp.
You barely miss Eustachio. You barely miss the ufetubus.
The ufetubus closely misses you. You block the ufetubus's attack.
Eustachio casts a spell.
Eustachio blinks!
The ufetubus barely misses you.
The ufetubus hits you but does no damage. ๐Ÿ˜ฎ HP[+1]
The white imp attacks as you move away! The white imp hits you.
The white imp freezes you. You block the ufetubus's attack.
The ufetubus completely misses you. ๐Ÿ˜ฎ HP[-4]
You take 4 damage, and now have 29/45 hp.
The white imp attacks as you move away! The white imp hits you.
The white imp freezes you.
Eustachio hits you but does no damage. ๐Ÿ˜ฎ HP[-4]
You take 4 damage, and now have 25/45 hp.
You closely miss Eustachio. You hit the white imp.
Eustachio hits you but does no damage. ๐Ÿ˜ฎ HP[+1]
You slash Eustachio! You slash the ufetubus!
You kill the ufetubus!
The ufetubus disappears in a puff of smoke!
You slash the white imp!
You kill the white imp!
The white imp disappears in a puff of smoke!
Eustachio mumbles some strange words. ๐Ÿ˜ฎ HP[+1]
You closely miss Eustachio. You hit the white imp.
The iron imp disappears in a puff of smoke!
The white imp hits you but does no damage.
You block Eustachio's attack.
The crimson imp sputters. ๐Ÿ˜ฎ HP[+2]
You regained 2 hp, and now have 29/45 hp.
You closely miss Eustachio. You hit the white imp.
Eustachio hits you with a +0 rapier.
The white imp hits you but does no damage.
Eustachio closely misses you. The white imp gestures at you.
The puff of frost hits you!
* * * LOW HITPOINT WARNING * * *
๐Ÿ˜จ HP[-10]
You take 10 damage, and now have 19/45 hp.
MASSIVE DAMAGE!! (PAUSE)
You hit Eustachio. You closely miss the white imp.
The white imp hits you but does no damage.
Eustachio hits you with a +0 rapier.
* * * LOW HITPOINT WARNING * * *
๐Ÿ˜จ HP[-3]
You take 3 damage, and now have 16/45 hp.
You closely miss Eustachio. You slash the white imp!
You kill the white imp!
The white imp disappears in a puff of smoke!
You hit the crimson imp.
The crimson imp hits you but does no damage.
Eustachio hits you but does no damage. ๐Ÿ˜จ HP[+1]
You closely miss Eustachio. You slash the crimson imp!
The crimson imp hits you.
* * * LOW HITPOINT WARNING * * *
Eustachio hits you with a +0 rapier.
* * * LOW HITPOINT WARNING * * *
๐Ÿ˜ฑ HP[-8]
You take 8 damage, and now have 9/45 hp.
You slash Eustachio! You barely miss the white imp. You miss the crimson imp.
The crimson imp closely misses you. The white imp gestures at you.
The puff of frost hits you!
* * * LOW HITPOINT WARNING * * *
Eustachio casts a spell.
The white imp hits you.
* * * LOW HITPOINT WARNING * * *
The white imp freezes you.
You die...

Skill      XL: |  1  2  3  4  5 |
---------------+----------------+-----
Axes           | 3 4 5 6 7 |  7.5
Fighting       | |  3.6
Armour         | |  3.2
Shields        | |  3.2

Action                   |  1- 3 |  4- 6 || total
-------------------------+-------+-------++-------
Melee: War axe           |    73 |   104 ||   177
  Use: Scroll            |       |     7 ||     7
Armor: Scale mail        |    23 |    43 ||    66
Dodge: Dodged            |    33 |    45 ||    78
Block: Buckler           |    14 |    26 ||    40

Levels and vault maps discovered:
D:1:      beargit_arrival_diablo_church, layout_loops_ring,
          shapermc_ecumenical_altar_mp_highgroup
D:2:      layout_rooms
D:3:      layout_basic, item_on_display_a
D:4:      layout_layer_cave, uniq_eustachio

Notes
Turn   | Place    | Note
-------+----------+-------------------------------------------
     0 | D:1      | kae the Hill Orc Fighter began the quest for the Orb.
     0 | D:1      | Reached XP level 1. HP: 19/19 MP: 1/1
     0 | D:1      | magus.rc [v1.11.3]
    70 | D:1      | Reached skill level 3 in Axes
   139 | D:1      | Reached XP level 2. HP: 9/26 MP: 2/2
   389 | D:1      | Reached skill level 4 in Axes
   637 | D:1      | Reached XP level 3. HP: 31/31 MP: 3/3
   767 | D:1      | Reached skill level 5 in Axes
   879 | D:1      | Found a faded altar of an unknown god.
  1125 | D:2      | Reached XP level 4. HP: 39/39 MP: 4/4
  1387 | D:2      | Reached skill level 6 in Axes
  1777 | D:3      | Reached XP level 5. HP: 38/45 MP: 5/5
  2145 | D:4      | Noticed Eustachio
  2174 | D:4      | Reached skill level 7 in Axes
  2284 | D:4      | You pick up a book of Geomancy and begin reading...
  2284 | D:4      | You add the spells Sandblast, Passwall and Stone Arrow to
                  | your library.
  2448 | D:4      | HP: 9/45 [Eustachio/+0 rapier (6)]
  2449 | D:4      | HP: 2/45 [white imp/puff of frost[Eustachio] (8)]
  2449 | D:4      | Slain by a white imp

Vanquished Creatures
  A jelly (D:4)
  2 iguanas
  2 adders
  A gnoll (D:1)
  A white imp (D:3)
  A worm (D:2)
  2 dart slugs
  9 ball pythons
  5 bats
  10 endoplasms
  3 giant cockroaches
  8 goblins
  4 hobgoblins
  3 quokkas
  5 frilled lizards
  3 kobolds
  7 rats
67 creatures vanquished.

Table legend:
 A = Non-vault XP
 B = Vault XP
 C = Vault XP percentage of total XP
 D = Non-vault monster count
 E = Vault monster count
 F = Vault count percentage of total count
                 A         B        C        D         E       F
            +---------+---------+-------+---------+---------+-------
      Total |     265 |       0 |   0.0 |      67 |       0 |   0.0
            +---------+---------+-------+---------+---------+-------
        D:1 |      57 |       0 |   0.0 |      27 |       0 |   0.0
        D:2 |      55 |       0 |   0.0 |      24 |       0 |   0.0
        D:3 |      74 |       0 |   0.0 |      11 |       0 |   0.0
        D:4 |      79 |       0 |   0.0 |       5 |       0 |   0.0
            +---------+---------+-------+---------+---------+-------

Illustrated notes

Table legend:
 A = Kills in this place as a percentage of kills in entire the game.
 B = Kills by you in this place as a percentage of kills by you in the entire game.
 C = Kills by friends in this place as a percentage of kills by friends in the entire game.
 D = Other kills in this place as a percentage of other kills in the entire game.
 E = Experience gained in this place as a percentage of experience gained in the entire game.
 F = Experience gained in this place divided by the number of levels of this place that you have seen.
                   A       B       C       D       E      F
               +-------+-------+-------+-------+-------+----------------------
         Total | 100.0 | 100.0 |   N/A |   N/A | 100.0 |  66.2
       Dungeon | 100.0 | 100.0 |   N/A |   N/A | 100.0 |  66.2
               +-------+-------+-------+-------+-------+----------------------

Table legend: (Time is in decaauts)
 A = Elapsed time spent in this place.
 B = Non-inter-level travel time spent in this place.
 C = Inter-level travel time spent in this place.
 D = Time resting spent in this place.
 E = Time spent auto-exploring this place.
 F = Levels seen in this place.
 G = Mean time per level.
                   A        B        C        D        E       F      G
               +--------+--------+--------+--------+--------+-----+--------+
         Total |   2493 |   2420 |     73 |      2 |   1976 |   4 |  623.2 |
       Dungeon |   2493 |   2420 |     73 |      2 |   1976 |   4 |  623.2 |
               +--------+--------+--------+--------+--------+-----+--------+

Top non-repeatable levels by time:
     D:1: 1066 daAuts
     D:3: 652 daAuts
     D:2: 454 daAuts
     D:4: 321 daAuts
